 Dungeon Crawl Stone Soup version 0.26.0-57-g60708a5e39 (webtiles) character file.

Game seed: 15999044715778028890

58 Gadfly the Cudgeller (level 4, -5/44 HPs)
             Began as an Ogre Gladiator on Feb 2, 2021.
             Shot with a stone by a goblin (8 damage)
             ... on level 2 of the Dungeon.
             The game lasted 00:02:16 (2227 turns).

Gadfly the Cudgeller (Ogre Gladiator)               Turns: 2227, Time: 00:02:16

Health: -5/44      AC:  3    Str: 19    XL:     4   Next: 2%
Magic:  5/5        EV: 10    Int:  9    God:
Gold:   30         SH:  0    Dex: 10    Spells: 3/3 levels left

rFire    . . .     SeeInvis .   a - +0 flail
rCold    . . .     Faith    .   (no shield)
rNeg     . . .     Spirit   .   b - +0 robe
rPois    .         Reflect  .   c - +0 hat
rElec    .         Harm     .   (no cloak)
rCorr    .         Rampage  .   (gloves unavailable)
Will     .....                  (boots unavailable)
Stlth    +.........             (no amulet)
HPRegen  0.14/turn              (no ring)
MPRegen  0.09/turn              (no ring)

@: no status effects
A: large, unfitting armour, tough skin 1
a: no special abilities


You were on level 2 of the Dungeon.
You visited 1 branch of the dungeon, and saw 2 of its levels.

You collected 30 gold pieces.

Inventory:

Hand Weapons
 a - a +0 flail (weapon)
 f - a +0 hand axe of flaming
Missiles
 d - 3 throwing nets
 e - 58 stones (quivered)
Armour
 b - a +0 robe (worn)
 c - a +0 hat (worn)
Scrolls
 h - a scroll of teleportation
Potions
 i - a potion of lignification
 k - a potion of curing


   Skills:
 - Level 2.6 Fighting
 + Level 2.8 Maces & Flails
 + Level 2.3 Throwing
 * Level 1.4 Armour
 - Level 2.6 Dodging
 * Level 1.6 Invocations
 * Level 1.2 Evocations


You had 3 spell levels left.
You didn't know any spells.
Your spell library was empty.

Dungeon Overview and Level Annotations

Branches:
Dungeon (2/15)

Altars:
Gozag


Innate Abilities, Weirdness & Mutations

You are too large for most types of armour.
You have tough skin. (AC +1)


Message History

You have reached level 4!
You closely miss the quokka. The quokka bites you.
* * * LOW HITPOINT WARNING * * *
The quokka closely misses you.
You sock the quokka!
You kill the quokka!
You start resting.
You feel sick. x2
A goblin comes into view. It is wielding a +0 club.
A goblin is nearby!
You feel sick.
You are no longer poisoned.
The goblin shouts!
The goblin unwields a +0 club.
The goblin wields a +0 hunting sling.
The goblin shoots a stone.
The stone hits you.
* * * LOW HITPOINT WARNING * * *
You see here a stone.
The goblin shoots a stone.
The stone hits you but does no damage.
You see here a stone.
The goblin shoots a stone.
The stone hits you!
You die...

.....###r#...#......
#.#.#...#.##
#......#'#..###.....
#.#.#.###.##
###......#..#.##...#
#.#.#.....##
###.......!..#######.#.#.######
###..##)#.##....##.#.#.# #
#####g#..........#.#.# #
#.#.###...####.#.######
#g#####......#.#.....†.
#.(..(@......#.########
#########..###.# #.....>....#
#.##########


You could see a goblin.

Vanquished Creatures
  2 adders (D:2)
  A dart slug (D:1)
  A leopard gecko (D:1)
  3 giant cockroaches
  2 goblins
  6 hobgoblins
  4 jackals (D:2)
  2 quokkas (D:2)
  3 bats
  A frilled lizard (D:1)
  4 kobolds
  7 rats
36 creatures vanquished.

Vanquished Creatures (others)
  6 plants (D:1)
6 creatures vanquished.

Grand Total: 42 creatures vanquished

Notes
Turn   | Place    | Note
-------+----------+-------------------------------------------
     0 | D:1      | Gadfly the Ogre Gladiator began the quest for the Orb.
     0 | D:1      | Reached XP level 1. HP: 22/22 MP: 1/1
   700 | D:1      | Reached XP level 2. HP: 29/29 MP: 2/2
  1238 | D:1      | Reached skill level 1 in Invocations
  1299 | D:1      | Reached skill level 1 in Armour
  1511 | D:2      | Found an opulent altar of Gozag.
  1537 | D:2      | Reached XP level 3. HP: 33/36 MP: 3/3
  2070 | D:2      | Reached skill level 1 in Evocations
  2212 | D:2      | Reached XP level 4. HP: 8/44 MP: 5/5
  2223 | D:2      | HP: 2/44 [goblin/stone (3)]
  2227 | D:2      | Shot with a stone by a goblin

Illustrated notes

Levels and vault maps discovered:
D:1:      minmay_arrival_nine_rooms, layout_basic, serial_bayou_ford_a,
          serial_bayou_lake_a
D:2:      minmay_razor_zed, layout_basic, lemuel_round_altar, uniq_natasha,
          uniq_sigmund, uniq_crazy_yiuf_cottage

Skill      XL: |  1  2  3 |
---------------+----------+-----
Invocations    | 1 |  1.6
Armour         | 1 |  1.4
Evocations     | 1 |  1.2
Fighting       | |  2.6
Maces & Flails | |  2.8
Throwing       | |  2.3
Dodging        | |  2.6

Action                   |  1- 3 |  4- 6 || total
-------------------------+-------+-------++-------
Melee: Hand axe          |    11 |       ||    11
       Flail             |   102 |     2 ||   104
Throw: Stone             |    10 |       ||    10
  Use: Scroll            |     3 |       ||     3
       Potion            |     1 |       ||     1
Armor: Robe              |    35 |     1 ||    36
Dodge: Dodged            |   105 |     1 ||   106
